 Dungeon Crawl Stone Soup version 0.28-a0-1395-g4f6bc678fa (webtiles) character file.

Game seed: 4109379418071618720

175 fragbeetle the Ruffian (level 5, 0/41 HPs)
             Began as a Draconian Transmuter on Jan 5, 2022.
             Slain by a gnoll (4 damage)
             ... on level 3 of the Dungeon.
             The game lasted 00:05:36 (3520 turns).

fragbeetle the Ruffian (Draconian Transmuter)       Turns: 3520, Time: 00:05:36

Health: 0/41       AC:  5    Str: 14    XL:     5   Next: 29%
Magic:  7/8        EV: 12    Int: 14    God:
Gold:   109        SH:  0    Dex: 11    Spells: 5/9 levels left

rFire   . . .      SeeInvis .     - Unarmed
rCold   . . .      Faith    .   (no shield)
rNeg    . . .      Spirit   .   (armour unavailable)
rPois   .          Reflect  .   (helmet currently unavailable)
rElec   .          Harm     .   (no cloak)
rCorr   .          Rampage  .   (no gloves)
Will    .....                   (boots currently unavailable)
Stlth   +.........              (no amulet)
HPRegen 0.13/turn               (no ring)
MPRegen 0.11/turn               (no ring)

@: appendages
A: horns 2, talons 2, AC +5, unfitting armour, cold-blooded
a: End Transformation


You were on level 3 of the Dungeon.
You had temporarily grown beastly horns and talons.
You visited 1 branch of the dungeon, and saw 3 of its levels.

You collected 109 gold pieces.

Inventory:

Hand Weapons
 l - a +0 hunting sling
Missiles
 a - 19 poisoned darts
 b - 36 stones
Scrolls
 c - 2 scrolls of identify {unknown}
 e - a scroll of fog {unknown}
 f - a scroll of blinking {unknown}
Potions
 d - a potion of brilliance {unknown}
 g - a potion of flight {unknown}
 h - a potion of cancellation {unknown}
 i - a potion of berserk rage {unknown}
 j - 2 potions of haste {unknown}
 k - 2 potions of magic {unknown}


   Skills:
 + Level 2.0 Fighting
 + Level 2.4 Dodging
 * Level 4.2 Unarmed Combat
 + Level 2.5 Spellcasting
 + Level 3.1 Transmutations
 * Level 1.3 Poison Magic


You had 5 spell levels left.
You knew the following spells:

 Your Spells              Type           Power      Damage    Failure   Level
a - Beastly Appendage     Tmut           20%        N/A       6%          1
b - Spider Form           Tmut/Pois      8%         N/A       26%         3

Your spell library contained the following spells:

 Spells                   Type           Power      Damage    Failure   Level
 Wereblood                Tmut           10%        N/A       10%         2
 Ice Form                 Ice/Tmut       6%         N/A       75%         4


Dungeon Overview and Level Annotations

Branches:
Dungeon (3/15)

Altars:

Shops:
D:1 *

Annotations:
D:2 1 runed translucent door, Crazy Yiuf


Innate Abilities, Weirdness & Mutations

You have temporarily grown beastly horns and talons.
Your plain brown scales are hard. (AC +5)
You cannot fit into any form of body armour.
You are cold-blooded and may be slowed by cold attacks.


Message History

* * * LOW HITPOINT WARNING * * *
The gnoll hits you with a +0 club.
* * * LOW HITPOINT WARNING * * *
The gnoll looks more healthy.
The gnoll misses you.
You hit the gnoll but do no damage.
You kill the gnoll!
The gnoll completely misses you. The gnoll misses you.
The gnoll hits you with a +0 club.
* * * LOW HITPOINT WARNING * * *
Your transformation has ended.
There is an open door here.
There is an open door here.
There is an open door here.
Things that are here:
a +0 club; a +0 hand axe; a +0 short sword You see here a +1 short sword of venom.
The gnoll closely misses you.
Casting: Spider Form (quite dangerous; 28% risk of failure)
Confirm with . or Enter, or press ? or * to list all spells.
You grow a pair of large bovine horns.
Your feet morph into talons.
The gnoll hits you but does no damage.
You closely miss the gnoll.
The gnoll is moderately wounded.
You closely miss the gnoll.
The gnoll is moderately wounded.
The gnoll barely misses you.
You hit the gnoll.
The gnoll is severely wounded.
The gnoll hits you with a +0 club.
* * * LOW HITPOINT WARNING * * *
You hit the gnoll but do no damage. You headbutt the gnoll.
You kill the gnoll!
You closely miss the gnoll. You headbutt the gnoll.
The gnoll is moderately wounded.
The gnoll hits you with a +0 whip.
* * * LOW HITPOINT WARNING * * *
You hit the gnoll.
The gnoll is severely wounded.
The gnoll hits you with a +0 whip.
You die...

.....# ##.#.####.#
.....# #.#......#
.....# #...# #..#
.##########..#....#
........÷......#.#
†.....#####.>....#
......##...#.......
......##.#.##########
#####.##.#g#..)g@...#
#.##.#.#.######.#
#.##.#....#<....#
#.##.############
#.##.# #.##.# #.##.#
#....# ######


You could see a gnoll.

Vanquished Creatures
  A centaur zombie (D:3)
  2 gnolls (D:3)
  4 adders (D:2)
  3 worms
  A dart slug (D:2)
  4 orcs (D:3)
  8 endoplasms
  3 giant cockroaches
  7 goblins
  6 hobgoblins
  3 jackals (D:2)
  7 kobolds
  5 quokkas
  3 ball pythons
  5 bats
  4 frilled lizards
  5 rats
71 creatures vanquished.

Notes
Turn   | Place    | Note
-------+----------+-------------------------------------------
     0 | D:1      | fragbeetle the Draconian Transmuter began the quest for the
                  | Orb.
     0 | D:1      | Reached XP level 1. HP: 16/16 MP: 3/3
   423 | D:1      | Reached XP level 2. HP: 18/23 MP: 3/5
   908 | D:1      | Found Dasuf's General Store.
  1377 | D:2      | Reached XP level 3. HP: 28/28 MP: 4/6
  1392 | D:2      | Identified the +0 helmet of the Good {rPois Int+5}
  2168 | D:2      | Reached XP level 4. HP: 34/36 MP: 5/7
  2220 | D:2      | Learned a level 3 spell: Spider Form
  2796 | D:2      | Found a runed translucent door.
  2797 | D:2      | Noticed Crazy Yiuf
  3074 | D:3      | Reached skill level 4 in Unarmed Combat
  3396 | D:3      | Reached skill level 1 in Poison Magic
  3396 | D:3      | Reached XP level 5. HP: 38/41 MP: 6/8
  3520 | D:3      | Slain by a gnoll

Illustrated notes

Levels and vault maps discovered:
D:1:      kilobyte_arrival_exit_the_forest, layout_basic, serial_shops,
          nicolae_shop_advertising_works [nicolae_subvault_shop_adworks],
          minmay_quantized
D:2:      minmay_recursive_quarters, layout_loops_ring, minmay_splitting_lines,
          minmay_misc_feat_roman, serial_park_tiny_pond, uniq_crazy_yiuf_cottage
D:3:      layout_basic

Skill      XL: |  1  2  3  4 |
---------------+-------------+-----
Dodging        | 2 |  2.4
Transmutations | 3 |  3.1
Unarmed Combat | 4 |  4.2
Fighting       | 2 |  2.0
Poison Magic   | 1 |  1.3
Spellcasting   | |  2.5

Action                   |  1- 3 |  4- 6 || total
-------------------------+-------+-------++-------
Melee: Unarmed           |    86 |   112 ||   198
       Kick              |    15 |    20 ||    35
       Headbutt          |    14 |    14 ||    28
       Tailslap          |     8 |     8 ||    16
       Punch             |     1 |     1 ||     2
 Cast: Beastly Appendage |    21 |    20 ||    41
       Spider Form       |       |     1 ||     1
Armor: Skin              |    20 |    32 ||    52
Dodge: Dodged            |    41 |    61 ||   102

Table legend: (Time is in decaauts)
 A = Elapsed time spent in this place.
 B = Non-inter-level travel time spent in this place.
 C = Inter-level travel time spent in this place.
 D = Time resting spent in this place.
 E = Time spent auto-exploring this place.
 F = Levels seen in this place.
 G = Mean time per level.
                   A        B        C        D        E       F      G
               +--------+--------+--------+--------+--------+-----+--------+
         Total |   3507 |   3398 |    109 |    247 |   2516 |   3 | 1169.0 |
       Dungeon |   3507 |   3398 |    109 |    247 |   2516 |   3 | 1169.0 |
               +--------+--------+--------+--------+--------+-----+--------+

Top non-repeatable levels by time:
     D:2: 1577 daAuts
     D:1: 1369 daAuts
     D:3: 560 daAuts
